 Dungeon Crawl Stone Soup version 0.21-a0-509-gecc5317 (webtiles) character file.

15521 kae the Grappler (level 12, -5/119 HPs)
             Began as a Troll Monk on Nov 29, 2017.
             Was a High Priest of Wu Jian.
             Slain by a polar bear (22 damage)
             ... in an ice cave.
             The game lasted 00:12:16 (9329 turns).

kae the Grappler (Troll Monk)                       Turns: 9329, Time: 00:12:17

Health: -5/119     AC:  8    Str: 22    XL:     12   Next: 2%
Magic:  15/15      EV: 15    Int:  6    God:    Wu Jian [*****.]
Gold:   693        SH:  0    Dex: 16    Spells: 11/11 levels left

rFire    . . .     SeeInvis +     - Unarmed
rCold    . . .     Gourm    +   (no shield)
rNeg     . . .     Faith    .   a - +0 robe
rPois    .         Spirit   .   i - +2 hat
rElec    .         Reflect  .   d - +0 cloak
rCorr    .         Harm     .   (gloves unavailable)
MR       .....                  (boots unavailable)
Stlth    ++........             h - amulet of regeneration
HPRegen  1.09/turn              F - ring of see invisible
MPRegen  0.14/turn              (no ring)

@: no status effects
A: large, unfitting armour, claws 3, fast metabolism 3, gourmand, regeneration
1, shaggy fur 1, tough skin 2
a: Serpent's Lash, Heavenly Storm, Renounce Religion


You were in an ice cave.
You worshipped Wu Jian.
Wu Jian was extremely pleased with you.
You were completely stuffed.

You visited 2 branches of the dungeon, and saw 12 of its levels.
You also visited: Ice Cave.

You collected 693 gold pieces.

Inventory:

Armour
 a - a +0 robe (worn)
 d - a +0 cloak (worn)
 i - a +2 hat (worn)
Jewellery
 g - an uncursed amulet of faith
 h - an amulet of regeneration (around neck)
 F - a ring of see invisible (left claw)
Wands
 e - a wand of polymorph (11)
 f - a wand of paralysis (45)
 x - a wand of random effects (34)
 D - a wand of flame (30)
 G - a wand of acid (7)
 H - a wand of clouds (2)
 J - a wand of scattershot (3)
Scrolls
 c - 3 scrolls of amnesia
 m - 5 scrolls of teleportation
 y - a scroll of fog
 E - 4 scrolls of remove curse
 I - a scroll of enchant weapon
Potions
 j - 4 potions of brilliance
 k - 3 potions of curing
 o - 4 potions of flight
 t - 2 potions of berserk rage {unknown}
 u - 3 potions of magic {unknown}
 v - 4 potions of heal wounds {unknown}
 w - a potion of lignification {unknown}
 z - a potion of ambrosia {unknown}
 B - a potion of haste {unknown}
 C - 2 potions of invisibility
Books
 r - a book of Air

   Spells                             Type                      Level
   a - Shock                          Conjuration/Air              1
   b - Swiftness                      Charms/Air                   2
   c - Static Discharge               Conjuration/Air              3
   d - Airstrike                      Air                          4
   e - Lightning Bolt                 Conjuration/Air              5
 A - a book of Maledictions

   Spells                             Type                      Level
   a - Corona                         Hexes                        1
   b - Ensorcelled Hibernation        Hexes/Ice                    2
   c - Confuse                        Hexes                        3
   d - Tukima's Dance                 Hexes                        3
   e - Dazzling Spray                 Conjuration/Hexes            3
Comestibles
 b - 13 bread rations
 l - 17 fruits
 n - 19 royal jellies
 p - 10 chunks of flesh
 s - 4 meat rations


   Skills:
 + Level 8.0 Fighting
 + Level 8.0 Dodging
 - Level 1.0 Stealth
 * Level 12.8 Unarmed Combat
 + Level 6.1 Evocations


You had 11 spell levels left.
You didn't know any spells.

Dungeon Overview and Level Annotations

Branches:
Dungeon (11/15)            Temple (1/1) D:4
   Lair: D:8-11         Orc: D:9-12

Altars:
Ashenzari
Cheibriados
Dithmenos
Elyvilon
Fedhas
Gozag
Hepliaklqana
Kikubaaqudgha
Makhleb
Nemelex Xobeh
Okawaru
Qazlal
Ru
Sif Muna
Trog
Uskayaw
Vehumet
Wu Jian
Xom
Yredelemnul
Zin
The Shining One

Shops:
D:6 *:   D:8 (


Innate Abilities, Weirdness & Mutations

You are too large for most types of armour.
You have claws for hands.
Your metabolism is lightning-fast.
You like to eat raw meat.
Your natural rate of healing is unusually fast.
You are covered in fur. (AC +1)
You have very tough skin. (AC +2)


Message History

You closely miss the polar bear.
The polar bear is moderately wounded.
You scratch the polar bear.
The polar bear is heavily wounded.
The polar bear bites you!!
The polar bear completely misses you. x2
The polar bear bites you!!
* * * LOW HITPOINT WARNING * * *
The polar bear claws you.
* * * LOW HITPOINT WARNING * * *
The polar bear claws you.
* * * LOW HITPOINT WARNING * * *
The polar bear bites you.
* * * LOW HITPOINT WARNING * * *
The polar bear claws you but does no damage.
The polar bear misses you. The polar bear barely misses you. x2
The polar bear claws you but does no damage.
The polar bear bites you but does no damage.
The polar bear barely misses you. The polar bear completely misses you.
The polar bear bites you!!
You die...

....#### .#### ###
.†### .†..###
##....### #####
###....#### ###....#
####....#######....#
####....#.@hh.#
##......####
########


You could see 2 polar bears.

Vanquished Creatures
  5 two-headed ogres
  The ghost of kibaces the Carver, a novice DsAK of Lugonu (D:9)
  The ghost of zero the Geomancer, a novice GrEE (D:7)
  Pikel (D:6)
  An ice statue (IceCv)
  A gargoyle (D:11)
  A troll (D:10)
  A queen bee (D:10)
  8 polar bears (IceCv)
  A hippogriff (D:11)
  A wyvern (D:9)
  4 hogs (D:7)
  A human (D:7)
  8 yaks (IceCv)
  Grum (D:8)
  2 orc warriors
  4 sky beasts
  4 ice beasts
  2 phantoms
  A black bear (D:8)
  A necrophage (D:7)
  7 wolves
  5 ogres
  2 centaurs
  2 big kobolds (D:11)
  4 bullfrogs
  2 wyvern skeletons (D:9)
  4 scorpions
  33 killer bees
  A howler monkey (D:5)
  3 crimson imps
  A bullfrog zombie (D:8)
  4 hounds
  2 centaur skeletons
  A gnoll shaman (D:6)
  Crazy Yiuf (D:4)
  A jelly (D:8)
  An orc priest (D:3)
  A bullfrog skeleton (D:10)
  4 iguanas
  Terence (D:2)
  Natasha (thrice) (D:4)
  6 orc wizards
  6 worker ants
  2 hound skeletons (D:7)
  8 adders
  3 gnolls (D:6)
  4 shadow imps
  2 adder zombies (D:7)
  3 oozes
  An adder skeleton (D:9)
  4 worms
  4 dart slugs
  3 leopard geckos
  36 orcs
  9 bats
  5 giant cockroaches
  12 hobgoblins
  2 jackals (D:10)
  4 quokkas
  2 frilled lizards (D:1)
  8 goblins
  2 jackal skeletons
  22 kobolds
  12 rats
  A fungus (D:4)
294 creatures vanquished.

Vanquished Creatures (others)
  A gnoll (D:6)
  4 fungi (D:11)
  11 plants (D:11)
16 creatures vanquished.

Grand Total: 310 creatures vanquished

Notes
Turn   | Place    | Note
-------+----------+-------------------------------------------
     0 | D:1      | kae the Troll Monk began the quest for the Orb.
     0 | D:1      | Reached XP level 1. HP: 22/22 MP: 0/0
    86 | D:1      | Reached XP level 2. HP: 23/29 MP: 1/1
   242 | D:1      | Reached XP level 3. HP: 36/36 MP: 2/2
   739 | D:2      | Noticed Terence
   751 | D:2      | Killed Terence
   751 | D:2      | Reached skill level 4 in Unarmed Combat
   751 | D:2      | Reached XP level 4. HP: 43/44 MP: 3/3
  1193 | D:3      | Found a deep blue altar of Sif Muna.
  1287 | D:3      | Reached XP level 5. HP: 12/53 MP: 4/4
  2003 | D:4      | Found a staircase to the Ecumenical Temple.
  2011 | D:4      | Reached skill level 5 in Unarmed Combat
  2023 | D:4      | Noticed Natasha
  2029 | D:4      | Killed Natasha
  2029 | D:4      | Reached XP level 6. HP: 60/61 MP: 5/5
  2032 | Temple   | Entered the Ecumenical Temple
  2156 | Temple   | Became a worshipper of the Wu Jian Council
  2156 | Temple   | Reached * piety under Wu Jian
  2156 | Temple   | Reached ** piety under Wu Jian
  2357 | D:4      | Found a stormy altar of Qazlal.
  2486 | D:4      | Noticed Natasha
  2493 | D:4      | Killed Natasha
  2493 | D:4      | Reached skill level 6 in Unarmed Combat
  2552 | D:4      | Reached XP level 7. HP: 68/68 MP: 6/6
  2702 | D:4      | Noticed Natasha
  2710 | D:4      | Killed Natasha
  2924 | D:4      | Found a runed door.
  2928 | D:4      | Noticed Crazy Yiuf
  2931 | D:4      | Killed Crazy Yiuf
  2973 | D:5      | Entered Level 5 of the Dungeon
  3665 | D:6      | Reached skill level 1 in Evocations
  3708 | D:6      | You fall through a shaft for 3 floors!
  3745 | D:9      | Reached skill level 7 in Unarmed Combat
  4043 | D:8      | Found a sparkling altar of Nemelex Xobeh.
  4053 | D:8      | Reached XP level 8. HP: 76/79 MP: 8/8
  4167 | D:7      | Noticed zero's ghost (novice GrEE)
  4212 | D:7      | Killed zero's ghost
  4212 | D:7      | Reached skill level 8 in Unarmed Combat
  4250 | D:6      | Found an opulent altar of Gozag.
  4250 | D:6      | Found Gozag's Platinum Reserve.
  4265 | D:6      | Reached skill level 5 in Dodging
  4266 | D:6      | Reached skill level 5 in Fighting
  4392 | D:6      | Found a hide-covered altar of Uskayaw.
  4513 | D:6      | Found Esteseos's Book Boutique.
  4586 | D:6      | Reached *** piety under Wu Jian
  4689 | D:6      | Found a sacrificial altar of Ru.
  4721 | D:6      | Noticed Pikel
  4752 | D:6      | Killed Pikel
  4752 | D:6      | Reached XP level 9. HP: 49/88 MP: 8/10
  5546 | D:7      | Reached skill level 9 in Unarmed Combat
  5791 | D:7      | Found a burning altar of Makhleb.
  5791 | D:7      | Noticed a green death
  5860 | D:7      | Found a radiant altar of Vehumet.
  6087 | D:8      | Noticed a two-headed ogre
  6100 | D:8      | Killed a two-headed ogre
  6100 | D:8      | Reached XP level 10. HP: 64/98 MP: 11/11
  6184 | D:8      | Reached skill level 10 in Unarmed Combat
  6205 | D:8      | Found a hazy altar of Hepliaklqana.
  6206 | D:8      | Found a basalt altar of Yredelemnul.
  6206 | D:8      | Found a snail-covered altar of Cheibriados.
  6207 | D:8      | Found a burning altar of Makhleb.
  6207 | D:8      | Found a shattered altar of Ashenzari.
  6207 | D:8      | Found a glowing golden altar of the Shining One.
  6208 | D:8      | Found an iron altar of Okawaru.
  6230 | D:8      | Found Qikhlerr's Antique Weapon Shoppe.
  6373 | D:8      | Found a glowing silver altar of Zin.
  6407 | D:8      | Noticed Grum
  6417 | D:8      | Killed Grum
  6679 | D:9      | Noticed kibaces's ghost (novice DsAK)
  6688 | D:9      | Killed kibaces's ghost
  6880 | D:9      | Reached **** piety under Wu Jian
  7191 | D:9      | Noticed a moth of wrath
  7211 | D:9      | Found a bloodstained altar of Trog.
  7422 | D:9      | Noticed a two-headed ogre
  7447 | D:9      | Killed a two-headed ogre
  7447 | D:9      | Reached skill level 11 in Unarmed Combat
  7698 | D:10     | Entered Level 10 of the Dungeon
  7797 | D:10     | Noticed a two-headed ogre
  7807 | D:10     | Killed a two-headed ogre
  7807 | D:10     | Reached skill level 5 in Evocations
  7807 | D:10     | Reached XP level 11. HP: 52/109 MP: 13/13
  7909 | D:10     | Found an opulent altar of Gozag.
  8217 | D:10     | Noticed a two-headed ogre
  8223 | D:10     | Killed a two-headed ogre
  8270 | D:10     | Reached ***** piety under Wu Jian
  8597 | D:11     | Noticed a two-headed ogre
  8620 | D:11     | Killed a two-headed ogre
  8620 | D:11     | Reached skill level 12 in Unarmed Combat
  8683 | D:11     | Found a frozen archway.
  8818 | IceCv    | Entered an ice cave
  9286 | IceCv    | Reached XP level 12. HP: 111/119 MP: 15/15
  9329 | IceCv    | Slain by a polar bear

Vault maps used:
D:1:      minmay_arrival_checkered_box
D:2:      uniq_terence
D:3:      first_bread, lemuel_blue_sif_altar
D:4:      grunt_qazlal_clouds, minmay_temple_entry_large_hall, uniq_natasha,
          uniq_crazy_yiuf_cottage
D:6:      nicolae_ru_the_path_less_chosen, basic_altar, serial_shops,
          nicolae_shop_trees, hangedman_decor_points,
          nicolae_gozag_zags_fifth_avenue, uniq_pikel
D:7:      vehumet_altar_wand_db, grunt_livestock, makhleb_altar_promises_db
D:8:      grunt_temple_overflow_open, lemuel_coloured_pillars_altar,
          nicolae_overflow_crystal_walls, serial_shops, nicolae_shop_waterfront,
          uniq_grum
D:9:      tgw_trog
D:10:     basic_altar, special_room
D:11:     minmay_lair_entry_grove, david_orc_2, serial_shops,
          kennysheep_mini_moat, portal_ice_cave_entry_pillars_2
Temple:   nicolae_temple_figure_zero
IceCv:    ice_cave_small_giant

Skill      XL: |  1  2  3  4  5  6  7  8  9 10 11 |
---------------+----------------------------------+-----
Unarmed Combat | 4 5 6 7 8 9 11 12 | 12.8
Fighting       | 3 4 5 6 7 8 |  8.0
Dodging        | 3 4 5 6 7 8 |  8.0
Evocations     | 1 2 3 5 6 |  6.1
Stealth        | |  1.0

Action                   |  1- 3 |  4- 6 |  7- 9 | 10-12 || total
-------------------------+-------+-------+-------+-------++-------
Melee: Unarmed           |    80 |   172 |   246 |   527 ||  1025
       Punch             |       |     2 |    10 |    35 ||    47
Evoke: Wand              |       |       |       |    13 ||    13
  Use: Scroll            |       |     8 |     1 |     8 ||    17
       Potion            |       |       |       |     1 ||     1
 Stab: Sleeping          |     5 |     5 |     9 |     5 ||    24
       Distracted        |       |       |       |     1 ||     1
  Eat: Chunk             |     9 |    20 |    22 |    36 ||    87
       Meat ration       |       |       |     1 |       ||     1
Armor: Robe              |    15 |    54 |    50 |   130 ||   249
Dodge: Dodged            |    38 |    70 |   109 |   296 ||   513

Table legend:
 A = Spawn XP
 B = Non-spawn XP
 C = Spawn XP percentage of total XP
 D = Spawn monster count
 E = Non-spawn monster count
 F = Spawn count percentage of total count
 G = Total turns spent on level
                    A         B        C        D         E        F      G
               +---------+---------+-------+---------+---------+-------+---------
         Total |       0 |   22174 |   0.0 |       0 |     293 |   0.0 |  9329
               +---------+---------+-------+---------+---------+-------+---------
           D:1 |       0 |      57 |   0.0 |       0 |      30 |   0.0 |   678
           D:2 |       0 |      92 |   0.0 |       0 |      15 |   0.0 |   470
           D:3 |       0 |     144 |   0.0 |       0 |      30 |   0.0 |   847
           D:4 |       0 |     585 |   0.0 |       0 |      19 |   0.0 |   843
           D:5 |       0 |     228 |   0.0 |       0 |       8 |   0.0 |   684
           D:6 |       0 |    1103 |   0.0 |       0 |      14 |   0.0 |  1064
           D:7 |       0 |    2273 |   0.0 |       0 |      22 |   0.0 |   982
           D:8 |       0 |    2204 |   0.0 |       0 |      19 |   0.0 |   860
           D:9 |       0 |    3220 |   0.0 |       0 |      40 |   0.0 |  1135
          D:10 |       0 |    4765 |   0.0 |       0 |      43 |   0.0 |   893
          D:11 |       0 |    2438 |   0.0 |       0 |      31 |   0.0 |   227
         IceCv |       0 |    5065 |   0.0 |       0 |      22 |   0.0 |   511
               +---------+---------+-------+---------+---------+-------+---------
